 Dungeon Crawl Stone Soup version 0.21.1-1-g345015f (webtiles) character file.

28 zhorgal the Charmwright (level 3, 0/31 HPs)
             Began as a Gnoll Skald on Feb 8, 2018.
             Slain by Natasha (8 damage)
             ... on level 2 of the Dungeon.
             The game lasted 00:02:26 (1039 turns).

zhorgal the Charmwright (Gnoll Skald)               Turns: 1039, Time: 00:02:26

Health: 0/31       AC:  1    Str: 13    XL:     3   Next: 12%
Magic:  5/9        EV: 14    Int: 16    God:
Gold:   10         SH:  0    Dex: 14    Spells: 11/12 levels left

rFire    . . .     SeeInvis +   a - +0 falchion
rCold    . . .     Gourm    .   (no shield)
rNeg     . . .     Faith    .   h - -1 robe (curse)
rPois    .         Spirit   .   (no helmet)
rElec    .         Reflect  .   (no cloak)
rCorr    .         Harm     .   (no gloves)
MR       .....                  (no boots)
Stlth    ++........             (no amulet)
HPRegen  0.10/turn              m - ring of see invisible
MPRegen  0.11/turn              (no ring)

@: infused
A: distributed training, fangs 1, strong nose
a: no special abilities


You were on level 2 of the Dungeon.
You were not hungry.

You visited 1 branch of the dungeon, and saw 2 of its levels.

You collected 10 gold pieces.

Inventory:

Hand Weapons
 a - a +0 falchion (weapon)
Missiles
 l - 21 sling bullets
Armour
 b - a +0 leather armour
 e - a +0 chain mail
 h - a cursed -1 robe (worn)
 j - a +1 ring mail
Jewellery
 m - a ring of see invisible (left hand)
Scrolls
 i - a scroll of blinking {unknown}
Potions
 f - a potion of cancellation {unknown}
 k - a potion of degeneration {unknown}
Books
 c - a book of Battle

   Spells                             Type                      Level
   a - Infusion                       Charms                       1
   b - Shroud of Golubria             Charms/Translocation         2
   c - Song of Slaying                Charms                       2
   d - Spectral Weapon                Hexes/Charms                 3
   e - Regeneration                   Charms/Necromancy            3
Comestibles
 d - 4 rations
 g - 3 chunks of flesh


   Skills:
 + Level 4.5 Fighting
 + Level 0.6 Short Blades
 + Level 4.5 Long Blades
 + Level 0.6 Axes
 + Level 0.6 Maces & Flails
 + Level 0.6 Polearms
 + Level 0.6 Staves
 + Level 0.6 Slings
 + Level 0.6 Bows
 + Level 0.6 Crossbows
 + Level 0.6 Throwing
 + Level 2.5 Armour
 + Level 4.5 Dodging
 + Level 0.6 Stealth
 + Level 0.6 Shields
 + Level 0.6 Unarmed Combat
 + Level 5.0 Spellcasting
 + Level 0.4 Conjurations
 + Level 0.4 Hexes
 + Level 5.4 Charms
 + Level 0.4 Summonings
 + Level 0.4 Necromancy
 + Level 0.4 Translocations
 + Level 0.4 Transmutations
 + Level 0.4 Fire Magic
 + Level 0.4 Ice Magic
 + Level 0.4 Air Magic
 + Level 0.4 Earth Magic
 + Level 0.4 Poison Magic
 + Level 0.8 Invocations
 + Level 0.6 Evocations


You had 11 spell levels left.
You knew the following spells:

 Your Spells              Type           Power        Failure   Level  Hunger
a - Infusion              Chrm           ###.         1%          1    None


Dungeon Overview and Level Annotations

Branches:
Dungeon (2/15)

Altars:

Annotations:
D:2 Natasha


Innate Abilities, Weirdness & Mutations

Your experience applies equally to all skills.
You have very sharp teeth.
Your uncanny sense of smell can sniff out nearby items.


Message History

Natasha casts a spell at you. The magic dart hits you! The goblin hits you.
You take 7 damage, and have 24/31 hp.
MASSIVE DAMAGE!!
You now have 7/9 mp.
You barely miss the goblin. Natasha casts a spell at you.
You resist with significant effort. The goblin closely misses you.
You riposte.
You slash the goblin!
You kill the goblin!
You now have 6/9 mp.
Natasha claws you.
You see here a goblin corpse.
You take 4 damage, and have 20/31 hp.
You closely miss Natasha. Your bite misses Natasha. Natasha claws you!
You take 10 damage, and have 10/31 hp.
MASSIVE DAMAGE!!
You closely miss Natasha. You bite Natasha, but do no damage.
Natasha claws you.
* * * LOW HITPOINT WARNING * * *
You take 2 damage, and have 8/31 hp.
You hit Natasha. You bite Natasha. Natasha claws you!
You die...

### ..
######.#
#....#.######
#<.........
##.@....... ∆
#.h.......
#.........
..........
###########


You could see Natasha.

Vanquished Creatures
  An ooze (D:1)
  A dart slug (D:1)
  A bat (D:1)
  A giant cockroach (D:1)
  5 goblins
  4 hobgoblins (D:1)
  3 ball pythons (D:1)
  3 frilled lizards (D:1)
  A kobold (D:1)
  A rat (D:1)
21 creatures vanquished.

Notes
Turn   | Place    | Note
-------+----------+-------------------------------------------
     0 | D:1      | zhorgal the Gnoll Skald began the quest for the Orb.
     0 | D:1      | Reached XP level 1. HP: 20/20 MP: 6/6
   116 | D:1      | Reached XP level 2. HP: 16/26 MP: 3/7
   674 | D:1      | Reached XP level 3. HP: 28/31 MP: 9/9
   814 | D:1      | Reached skill level 5 in Spellcasting
  1031 | D:2      | Noticed Natasha
  1039 | D:2      | Slain by Natasha

Skill      XL: |  1  2  3 |
---------------+----------+-----
Spellcasting   | 5 |  5.0
Fighting       | |  4.5
Short Blades   | |  0.6
Long Blades    | |  4.5
Axes           | |  0.6
Maces & Flails | |  0.6
Polearms       | |  0.6
Staves         | |  0.6
Slings         | |  0.6
Bows           | |  0.6
Crossbows      | |  0.6
Throwing       | |  0.6
Armour         | |  2.5
Dodging        | |  4.5
Stealth        | |  0.6
Shields        | |  0.6
Unarmed Combat | |  0.6
Conjurations   | |  0.4
Hexes          | |  0.4
Charms         | |  5.4
Summonings     | |  0.4
Necromancy     | |  0.4
Translocations | |  0.4
Transmutations | |  0.4
Fire Magic     | |  0.4
Ice Magic      | |  0.4
Air Magic      | |  0.4
Earth Magic    | |  0.4
Poison Magic   | |  0.4
Invocations    | |  0.8
Evocations     | |  0.6

Action                   || total
-------------------------++-------
Melee: Falchion          ||    42
       Bite              ||     5
 Cast: Infusion          ||     4
  Use: Scroll            ||     2
 Stab: Sleeping          ||     1
Armor: Robe              ||     4
Dodge: Dodged            ||    24
       Rpst.: Falchion   ||    12
